 Dungeon Sprint DCSS version 0.30-a0-956-gcec3b41aec (webtiles) character file.

Game seed: 278502581753484638

93909 testman the Wrestler (level 15, -11/183 HPs)
             Began as a Troll Monk on Mar 29, 2023.
             Was the Champion of Jiyva.
             Mangled by a wolf spider (23 damage)
             ... in the Dungeon (Sprint IX: "|||||||||||||||||||||||||||||").
             The game lasted 00:39:25 (2777 turns).

testman the Wrestler (Troll Monk)                   Turns: 2777, Time: 00:39:25

Health: -11/183    AC: 14    Str: 27    XL:     15   Next: 25%
Magic:  5/14       EV: 17    Int:  9    God:    Jiyva [******]
Gold:   1956       SH: 19    Dex: 15    Spells: 14/14 levels left

rFire   + + .      SeeInvis +      - Unarmed
rCold   + + .      Faith    .    H - +2 tower shield {rN+}
rNeg    + . .      Spirit   .    p - +3 fire dragon scales {Xtahua}
rPois   .          Reflect  .    (helmet restricted)
rElec   .          Rampage  .    K - +0 cloak {Will+}
rCorr   +          NoTele   +    (gloves unavailable)
Will    ++...                    (boots unavailable) Stlth
                                 (no amulet)
HPRegen 2.90/turn                l - +2 ring of evasion
MPRegen 0.64/turn                m - +2 ring of evasion

@: lethally poisoned (-11 -> -14)
A: large, unfitting armour, claws 3, regeneration 1, shaggy fur 1, tough skin 1,
see invisible, agile 1, clever 1, cold resistance 3, eyeballs 1, pseudopods 3,
jelly absorbing missiles
}: 1/17 runes: serpentine
a: Renounce Religion, Oozemancy, Slimify


You were in the Dungeon.
You worshipped Jiyva.
Jiyva was exalted by your worship.
You visited 1 branch You collected 2734 gold pieces.
You spent 778 gold pieces at shops.

Inventory:

Missiles
 d - 5 atropa-tipped darts
 n - 8 poisoned darts
 o - 37 large rocks (quivered)
 x - 3 boomerangs
 I - a javelin
 J - 3 silver boomerangs
Armour
 a - a +0 robe
 g - a +2 troll leather armour
 h - a +0 tower shield of resistance
 p - +3 fire dragon scales (worn) {Xtahua}
 v - a +1 cloak
 D - +2 ice dragon scales
 H - a +2 tower shield of positive energy (worn)
 K - a +0 cloak of willpower (worn)
Jewellery
 l - a +2 ring of evasion (left claw)
 m - a +2 ring of evasion (right claw)
 A - a ring of wizardry
 B - a ring of protection from fire
 C - a ring of protection from cold
Wands
 k - a wand of iceblast (10)
 u - a wand of light (6)
 w - a wand of flame (22)
 y - a wand of digging (3)
Scrolls
 j - 2 scrolls of amnesia
 q - a scroll of poison
 r - a scroll of fear
 s - a scroll of fog
 t - 2 scrolls of identify
 G - 2 scrolls of enchant weapon
Potions
 c - a potion of curing
 e - a potion of haste
 f - 3 potions of magic
 z - a potion of cancellation {unknown}
 E - a potion of berserk rage
 F - a potion of brilliance


   Skills:
 + Level 20.0 Fighting
 + Level 16.9 Throwing
 - Level 11.0 Armour
 - Level 14.7 Dodging
 - Level 1.0 Stealth
 + Level 12.1 Shields
 + Level 23.3 Unarmed Combat
 + Level 6.4 Evocations


You had 14 spell levels left.
You didn't know any spells.
Your spell library contained the following spells:

 Spells                   Type           Power      Damage    Failure   Level
 Borgnjor's Revivificati  Necr           0%         N/A       100%        8
 Necromutation            Tmut/Necr      0%         N/A       100%        8
 Death's Door             Necr           0%         N/A       100%        9


Dungeon Overview and Level Annotations

Branches:
Dungeon (1/1)

Altars:
Cheibriados
Dithmenos
Elyvilon
Fedhas
Gozag
Hepliaklqana
Kikubaaqudgha
Makhleb
Nemelex Xobeh
Okawaru
Qazlal
Ru
Sif Muna
Trog
Uskayaw
Vehumet
Wu Jian
Xom
Yredelemnul
Zin
The Shining One
Jiyva
Lugonu

Shops:
D ?[*?


Innate Abilities, Weirdness & Mutations

You are too large for most types of armour.
You have claws for hands.
Your natural rate of healing is unusually fast.
You are covered in fur. (AC +1)
You have tough skin. (AC +1)
You have supernaturally acute eyesight. (SInv)
You are agile. (Dex +4, Str/Int -1)
Your mind is acute. (Int +4, Str/Dex -1)
Your flesh is almost immune to the effects of cold. (rC+++)
Your body has grown eyes which may confuse attackers. (Acc +3)
Armour fits poorly on your massive pseudopods.
You have a small jelly attached to you that may absorb projectiles.


Message History

* * * LOW HITPOINT WARNING * * *
You feel better.
You feel less invigorated. You block the wolf spider's attack.
The wolf spider bites you!
* * * LOW HITPOINT WARNING * * *
You are poisoned.
The wolf spider poisons you! The ghost moth stares at you.
You feel your power leaking away. The ghost moth stares at you.
You block the wolf spider's attack. x2
Okay, then.
Unknown command.
As you read the scroll of fear, it crumbles to dust.
You assume a fearsome visage.
The wolf spider is unaffected.
The ghost moth resists with almost no effort.
The wolf spider looks frightened!
The ghost moth resists with some effort.
* * * LOW HITPOINT WARNING * * *
You feel extremely sick. You block the wolf spider's attack.
The wolf spider bites you but does no damage.
The ghost moth stares at you. You block the wolf spider's attack. x2
You feel better. You block the wolf spider's attack. x2
Cornered, the wolf spider turns to fight!
The ghost moth stares at you.
You feel your power leaking away. The wolf spider completely misses you.
The wolf spider bites you but does no damage.
The ghost moth stares at you. Magic courses through your body.
You block the wolf spider's attack. The wolf spider misses you.
You block the wolf spider's attack. The wolf spider bites you!
* * * LOW HITPOINT WARNING * * *
You are poisoned.
The wolf spider poisons you! The ghost moth stares at you.
You feel your power leaking away. The wolf spider hits you!!
You die...

=▓.▓.▓.▓.▓.▓'▓.▓.▓,*,*,*,*,*,*,*,
.▓.▓.▓.▓.▓.▓.▓.▓.▓,*,*,*,*,*+*,*,
.▓.▓.▓.▓.▓.▓.▓)▓.▓,*,*,*,*,*,*,*,
)▓)▓)▓.▓)▓.▓.▓)▓.▓,*,*,*,*,*,*,*,
)▓.▓)▓.▓†▓.▓.▓.▓.▓,*,*,*,*,*,*,*,
)▓.▓.▓.▓)▓.▓.▓.▓.▓,*,*,*,*,*,*,*,
)▓.▓.▓.▓)▓.▓.▓.▓.▓,*,*,*,*,*,*,*,
)▓.▓.▓.▓.▓.▓.▓.▓.▓,*,*,*,*,*,*,*,
)▓.▓.▓.▓.▓.▓.▓.▓@▓,*,*,*,*,*,*,*+
)▓.▓.▓.▓†▓.▓.▓.▓s▓,*,*,*,*,*,*,*,
)▓.▓.▓.▓.▓.▓.▓.▓y▓,*,*,*,*,*,*,*,
.▓.▓.▓.▓.▓.▓.▓.▓s▓,*,*,*,*,*,*,*,
.▓.▓.▓.▓.▓.▓.▓.▓y▓,*,*,*,*,*,*,*,
[▓.▓'▓.▓.▓.▓.▓.▓.▓,*,*,*,*,*,*,*,
[▓.▓)▓.▓.▓.▓.▓.▓.▓,*,*,*,*,*+*,*,
[▓.▓)▓.▓.▓.▓.▓.▓(▓,*,*,*,*,*,*,*,
[▓.▓)▓.▓.▓.▓.▓.▓,*,*,*,*,*,*,*,*,


You could see 2 ghost moths and 2 wolf spiders.

Vanquished Creatures
  Frederick (D)
  Margery (D)
  Xtahua (D)
  Nikola (D)
  An Orb Guardian (D)
  Frances (D)
  6 nagarajas (D)
  2 fire giants (D)
  2 vault wardens (D)
  2 emperor scorpions (D)
  A frost giant (D)
  An orc warlord (D)
  A vampire knight (D)
  4 stone giants (D)
  An ironbound preserver (D)
  A spark wasp (D)
  2 bunyips (D)
  A dire elephant (D)
  Snorg (D)
  A merfolk javelineer (D)
  An ettin (D)
  An entropy weaver (D)
  A merfolk impaler (D)
  2 yaktaur captains (D)
  A rakshasa (D)
  2 ice dragons (D)
  2 hydras (D)
  A merfolk avatar (D)
  3 spriggan air magi (D)
  Erolcha (D)
  Erica (D)
  A two-headed ogre (D)
  5 naga warriors (D)
  2 ironbound frosthearts (D)
  A tengu warrior (D)
  An anaconda (D)
  3 centaur warriors (D)
  2 deep troll earth magi (D)
  A deep troll shaman (D)
  An alligator (D)
  2 orc high priests (D)
  A shock serpent (D)
  3 hell knights (D)
  Nergalle (D)
  A pharaoh ant (D)
  A sea snake (D)
  A bog body (D)
  A harpy (D)
  2 ironbound convokers (D)
  13 orc knights (D)
  A necromancer (D)
  3 cyclopes (D)
  A mana viper (D)
  A wolf spider (D)
  An ugly thing (D)
  A salamander (D)
  A manticore (D)
  A moth of wrath (D)
  6 black mambas (D)
  2 merfolk sirens (D)
  A torpor snail (D)
  4 vault sentinels (D)
  4 demonic crawlers (D)
  2 cane toads (D)
  An unseen horror (shapeshifter) (D)
  A rime drake (shapeshifter) (D)
  A kobold demonologist (D)
  3 rime drakes (D)
  A tengu conjurer (D)
  2 komodo dragons (D)
  2 merfolk (D)
  A hornet (D)
  2 trolls (D)
  3 tyrant leeches (D)
  A tarantella (D)
  A wind drake (D)
  3 blink frogs (D)
  2 jumping spiders (D)
  2 spriggans (D)
  5 yaks (D)
  A vampire (D)
  Eustachio (D)
  Grum (D)
  A vampire mosquito (D)
  4 nagas (D)
  3 water moccasins (D)
  A swamp drake (D)
  9 orc warriors (D)
  A centaur (D)
  4 wolves (D)
  A kobold brigand (D)
  3 bullfrogs (D)
  A scorpion (D)
  3 orc priests (D)
  A hound (D)
  A sleepcap (D)
  3 orc wizards (D)
  An adder (D)
  8 orcs (D)
  A bat (D)
  An endoplasm (D)
  A goblin (D)
  A hobgoblin (D)
  A quokka (D)
  A rat (D)
205 creatures vanquished.

Vanquished Creatures (others)
  A stone giant (D)
  2 great orbs of eyes (D)
  A centaur warrior (D)
  An alligator (D)
  2 glowing orange brains (D)
  A manticore (D)
  A slime creature (shapeshifter) (D)
  2 slime creatures (D)
  A boggart (D)
  6 jellies (D)
18 creatures vanquished.

Grand Total: 223 creatures vanquished

Notes
Turn   | Place    | Note
-------+----------+-------------------------------------------
     0 | D        | testman the Troll Monk began the quest for the Orb.
     0 | D        | Reached XP level 1. HP: 22/22 MP: 0/0
    20 | D        | Noticed a scorpion
    20 | D        | Noticed a hound
    20 | D        | Noticed a sleepcap
    22 | D        | Reached skill level 4 in Unarmed Combat
    28 | D        | Killed a scorpion
    29 | D        | Reached skill level 5 in Fighting
    29 | D        | Reached skill level 6 in Unarmed Combat
    29 | D        | Reached XP level 2. HP: 19/35 MP: 1/1
    29 | D        | Reached XP level 3. HP: 23/42 MP: 2/2
    29 | D        | Reached XP level 4. HP: 27/50 MP: 3/3
    37 | D        | HP: 2/52 [sleepcap (18)]
    43 | D        | Reached skill level 7 in Unarmed Combat
    50 | D        | Found a snail-covered altar of Cheibriados.
    50 | D        | Found a shadowy altar of Dithmenos.
    50 | D        | Found a white marble altar of Elyvilon.
    50 | D        | Found a blossoming altar of Fedhas.
    50 | D        | Found an opulent altar of Gozag.
    51 | D        | Found a hazy altar of Hepliaklqana.
    52 | D        | Found a viscous altar of Jiyva.
    53 | D        | Found an ancient bone altar of Kikubaaqudgha.
    54 | D        | Found a corrupted altar of Lugonu.
    55 | D        | Found a burning altar of Makhleb.
    56 | D        | Found a sparkling altar of Nemelex Xobeh.
    57 | D        | Found an iron altar of Okawaru.
    58 | D        | Found a stormy altar of Qazlal.
    59 | D        | Found a sacrificial altar of Ru.
    60 | D        | Became a worshipper of Jiyva Jerriges the Shapeless
    60 | D        | Reached * piety under Jiyva
    60 | D        | Reached ** piety under Jiyva
    61 | D        | Found a shimmering blue altar of Sif Muna.
    62 | D        | Found a bloodstained altar of Trog.
    62 | D        | Killed a slime creature
    63 | D        | Found a hide-covered altar of Uskayaw.
    63 | D        | Killed a centaur warrior
    64 | D        | Found a radiant altar of Vehumet.
    64 | D        | Killed a slime creature
    65 | D        | Found an ornate altar of the Wu Jian Council.
    66 | D        | Found a shimmering altar of Xom.
    66 | D        | Killed a boggart
    67 | D        | Found a basalt altar of Yredelemnul.
    68 | D        | Found a glowing silver altar of Zin.
    68 | D        | Killed a great orb of eyes
    69 | D        | Found a glowing golden altar of the Shining One.
    71 | D        | Killed a great orb of eyes
    95 | D        | Noticed a kobold brigand
    95 | D        | Noticed a troll
    95 | D        | Noticed a centaur
    95 | D        | Noticed a komodo dragon
    95 | D        | Noticed a troll
    95 | D        | Noticed a yak
   105 | D        | Killed a kobold brigand
   106 | D        | Reached skill level 8 in Unarmed Combat
   106 | D        | Reached XP level 5. HP: 62/62 MP: 4/4
   108 | D        | Killed a troll
   109 | D        | Reached skill level 10 in Unarmed Combat
   109 | D        | Reached XP level 6. HP: 74/74 MP: 5/5
   112 | D        | Killed a komodo dragon
   113 | D        | Reached skill level 10 in Fighting
   113 | D        | Reached skill level 12 in Unarmed Combat
   113 | D        | Reached XP level 7. HP: 85/85 MP: 6/6
   118 | D        | Killed a troll
   122 | D        | Killed a yak
   123 | D        | Reached XP level 8. HP: 73/96 MP: 7/7
   144 | D        | Noticed a rakshasa
   144 | D        | Noticed a cyclops
   144 | D        | Noticed a two-headed ogre
   144 | D        | Noticed a kobold demonologist
   151 | D        | Killed a rakshasa
   152 | D        | Reached skill level 14 in Unarmed Combat
   154 | D        | Killed a cyclops
   159 | D        | Killed a two-headed ogre
   160 | D        | Reached skill level 15 in Unarmed Combat
   160 | D        | Reached XP level 9. HP: 94/110 MP: 8/8
   166 | D        | Noticed a hellwing
   166 | D        | Killed a kobold demonologist
   253 | D        | Reached *** piety under Jiyva
   284 | D        | Noticed a cane toad
   284 | D        | Noticed a rime drake
   284 | D        | Noticed a black mamba
   286 | D        | Reached skill level 1 in Throwing
   288 | D        | Killed a cane toad
   289 | D        | Reached skill level 16 in Unarmed Combat
   290 | D        | Noticed a komodo dragon
   294 | D        | Killed a rime drake
   299 | D        | Killed a black mamba
   300 | D        | Reached XP level 10. HP: 110/120 MP: 9/9
   332 | D        | Noticed a black mamba
   332 | D        | Noticed a cane toad
   332 | D        | Noticed a black mamba
   337 | D        | Killed a black mamba
   338 | D        | Reached skill level 5 in Dodging
   340 | D        | Killed a cane toad
   341 | D        | Reached skill level 5 in Throwing
   348 | D        | Killed a black mamba
   362 | D        | Reached skill level 17 in Unarmed Combat
   440 | D        | Reached XP level 11. HP: 115/131 MP: 10/10
   511 | D        | Noticed Grum
   523 | D        | Killed Grum
   551 | D        | Gained mutation: Your mind is acute. (Int +4, Str/Dex -1)
                  | [Jiyva's grace]
   551 | D        | Gained mutation: Your mind is very acute. (Int +8, Str/Dex
                  | -2) [Jiyva's grace]
   551 | D        | Gained mutation: You have supernaturally acute eyesight.
                  | (SInv) [Jiyva's grace]
   551 | D        | Gained mutation: You are agile. (Dex +4, Str/Int -1)
                  | [Jiyva's grace]
   576 | D        | Noticed an orc knight
   587 | D        | Killed an orc knight
   588 | D        | Reached skill level 15 in Fighting
   649 | D        | Noticed an orc knight
   659 | D        | Killed an orc knight
   720 | D        | Found Sotsem's Magic Scroll Emporium.
   720 | D        | Noticed an orc knight
   720 | D        | Noticed an orc knight
   720 | D        | Noticed an orc knight
   720 | D        | Noticed an orc high priest
   720 | D        | Noticed an orc knight
   721 | D        | Noticed an orc knight
   725 | D        | Killed an orc knight
   726 | D        | Reached skill level 18 in Unarmed Combat
   739 | D        | Killed an orc knight
   749 | D        | Noticed an orc high priest
   750 | D        | Killed an orc knight
   754 | D        | Noticed an orc knight
   756 | D        | Killed an orc high priest
   759 | D        | Killed an orc knight
   761 | D        | Noticed an orc knight
   763 | D        | Killed an orc knight
   769 | D        | Killed an orc high priest
   776 | D        | Killed an orc knight
   781 | D        | Killed an orc knight
   808 | D        | Noticed an orc knight
   809 | D        | Found Ceifir's Armour Shoppe.
   810 | D        | Noticed an orc knight
   811 | D        | Found Myuc's General Store.
   816 | D        | Killed an orc knight
   817 | D        | Reached skill level 10 in Throwing
   825 | D        | Killed an orc knight
   835 | D        | Found Robec's Magic Scroll Shoppe.
   840 | D        | Noticed an orc knight
   841 | D        | Noticed an orc knight
   846 | D        | Killed an orc knight
   849 | D        | Killed an orc knight
   850 | D        | Reached XP level 12. HP: 90/144 MP: 11/11
   874 | D        | Bought a scroll of magic mapping for 105 gold pieces
   879 | D        | Bought 5 atropa-tipped darts for 49 gold pieces
   881 | D        | Bought a scroll of acquirement for 624 gold pieces
   882 | D        | Acquired 809 gold pieces
   888 | D        | Reached **** piety under Jiyva
   901 | D        | Noticed Erica
   906 | D        | Killed Erica
   907 | D        | Reached skill level 10 in Dodging
   907 | D        | Reached skill level 19 in Unarmed Combat
   909 | D        | Noticed Erolcha
   915 | D        | Killed Erolcha
  1040 | D        | Noticed a centaur warrior
  1043 | D        | Reached skill level 1 in Armour
  1047 | D        | Noticed a centaur warrior
  1050 | D        | Killed a centaur warrior
  1051 | D        | Noticed a deep troll earth mage
  1053 | D        | Killed a stone giant
  1055 | D        | Noticed an ice dragon
  1057 | D        | Noticed a tengu warrior
  1060 | D        | Noticed a stone giant
  1060 | D        | Killed a centaur warrior
  1064 | D        | Killed a deep troll earth mage
  1074 | D        | Killed an ice dragon
  1078 | D        | Killed a stone giant
  1081 | D        | Killed a tengu warrior
  1115 | D        | Reached ***** piety under Jiyva
  1141 | D        | Noticed Nergalle
  1143 | D        | Killed Nergalle
  1166 | D        | Noticed Frances
  1177 | D        | Killed Frances
  1196 | D        | Noticed Eustachio
  1200 | D        | Killed Eustachio
  1231 | D        | Noticed a naga warrior
  1240 | D        | Noticed an anaconda
  1250 | D        | Killed a naga warrior
  1251 | D        | Reached skill level 5 in Armour
  1251 | D        | Reached skill level 20 in Unarmed Combat
  1275 | D        | Killed an anaconda
  1277 | D        | Reached XP level 13. HP: 49/156 MP: 12/12
  1322 | D        | Noticed a merfolk javelineer
  1323 | D        | Reached skill level 1 in Shields
  1328 | D        | Noticed a merfolk impaler
  1336 | D        | Killed a merfolk javelineer
  1343 | D        | Killed a merfolk impaler
  1592 | D        | Noticed a bunyip
  1592 | D        | Noticed a bunyip
  1597 | D        | Killed a bunyip
  1598 | D        | Killed a bunyip
  1599 | D        | Reached skill level 5 in Shields
  1624 | D        | Reached skill level 21 in Unarmed Combat
  1676 | D        | Gained mutation: You have a small jelly attached to you
                  | that may absorb projectiles. [Jiyva's grace]
  1676 | D        | Gained mutation: Your flesh is cold resistant. (rC+)
                  | [Jiyva's grace]
  1676 | D        | Gained mutation: Your flesh is very cold resistant. (rC++)
                  | [Jiyva's grace]
  1676 | D        | Gained mutation: Your flesh is almost immune to the effects
                  | of cold. (rC+++) [Jiyva's grace]
  1682 | D        | Noticed Snorg
  1686 | D        | Killed Snorg
  1746 | D        | Noticed a frost giant
  1746 | D        | Noticed a stone giant
  1746 | D        | Noticed a vampire knight
  1753 | D        | Killed a frost giant
  1758 | D        | Noticed a fire giant
  1760 | D        | Killed a vampire knight
  1770 | D        | Noticed a spark wasp
  1776 | D        | Killed a stone giant
  1783 | D        | Noticed an ettin
  1786 | D        | Killed a fire giant
  1795 | D        | Killed a spark wasp
  1796 | D        | Reached XP level 14. HP: 63/170 MP: 13/13
  1808 | D        | Noticed a fire giant
  1820 | D        | Killed a fire giant
  1821 | D        | Noticed a stone giant
  1824 | D        | Noticed a stone giant
  1826 | D        | Killed a stone giant
  1830 | D        | Killed a stone giant
  1884 | D        | Noticed an orc warlord
  1884 | D        | Noticed a vault warden
  1887 | D        | Noticed an ironbound preserver
  1894 | D        | Killed an orc warlord
  1898 | D        | Killed an ironbound preserver
  1916 | D        | Killed a vault warden
  1923 | D        | Reached skill level 15 in Throwing
  1924 | D        | Reached skill level 10 in Armour
  1930 | D        | Reached skill level 22 in Unarmed Combat
  1930 | D        | Noticed a vault warden
  1934 | D        | Killed a vault warden
  1936 | D        | Noticed an Orb Guardian
  1954 | D        | Killed an Orb Guardian
  1955 | D        | Reached skill level 1 in Evocations
  2136 | D        | Noticed Xtahua
  2148 | D        | Killed Xtahua
  2244 | D        | Reached ****** piety under Jiyva
  2293 | D        | Noticed Nikola
  2307 | D        | Killed Nikola
  2308 | D        | Reached skill level 10 in Shields
  2346 | D        | Lost mutation: Your mind is very acute. (Int +8, Str/Dex
                  | -2) [Jiyva's grace]
  2346 | D        | Gained mutation: Armour fits poorly on your pseudopods.
                  | [Jiyva's grace]
  2346 | D        | Gained mutation: Armour fits poorly on your large
                  | pseudopods. [Jiyva's grace]
  2346 | D        | Gained mutation: Armour fits poorly on your massive
                  | pseudopods. [Jiyva's grace]
  2346 | D        | Gained mutation: Your body has grown eyes which may confuse
                  | attackers. (Acc +3) [Jiyva's grace]
  2356 | D        | Noticed Frederick
  2368 | D        | Killed Frederick
  2405 | D        | Noticed Margery
  2426 | D        | Killed Margery
  2536 | D        | Noticed a nagaraja
  2536 | D        | Noticed a nagaraja
  2536 | D        | Noticed a nagaraja
  2536 | D        | Noticed a nagaraja
  2537 | D        | Noticed a nagaraja
  2541 | D        | Noticed a nagaraja
  2542 | D        | Killed a nagaraja
  2544 | D        | Killed a nagaraja
  2545 | D        | Reached XP level 15. HP: 137/182 MP: 14/14
  2546 | D        | Killed a nagaraja
  2547 | D        | Reached skill level 5 in Evocations
  2550 | D        | Killed a nagaraja
  2603 | D        | Killed a nagaraja
  2604 | D        | Reached skill level 23 in Unarmed Combat
  2606 | D        | Killed a nagaraja
  2739 | D        | Got a serpentine rune of Zot
  2747 | D        | Noticed an emperor scorpion
  2747 | D        | Noticed an emperor scorpion
  2751 | D        | Killed an emperor scorpion
  2771 | D        | Killed an emperor scorpion
  2775 | D        | HP: 8/183 [poisoned by a wolf spider]
  2777 | D        | Mangled by a wolf spider

Illustrated notes

Levels and vault maps discovered:
D:        linesprint [early_d, line_temple, items_1, d_10, items_2, lair_1,
          lair_end, items_3, orc_1, orc_end, items_4, d_15, swamp_1, shoals_1,
          snake_1, spider_1, d_20, vaults_1, items_5, swamp_end, shoals_end,
          snake_end, spider_end, vaults_end, d_27, items_6, zot_1, zot_end,
          crypt_end, forest_end, elf_end, slime_end, tomb_end, abyss_end,
          pan_hell_end]

Skill      XL: |  1  2  3  4  5  6  7  8  9 10 11 12 13 14 15 |
---------------+----------------------------------------------+-----
Fighting       | 5 7 8 10 13 14 16 17 18 19 20 | 20.0
Unarmed Combat | 6 8 10 12 15 16 17 18 20 21 22 23 | 23.3
Throwing       | 3 7 10 12 14 16 | 16.9
Dodging        | 4 7 9 11 13 14 | 14.7
Armour         | 5 8 11 | 11.0
Shields        | 7 11 12 | 12.1
Evocations     | 4 6 |  6.4
Stealth        | |  1.0

Action                     |  1- 3 |  4- 6 |  7- 9 | 10-12 | 13-15 || total
---------------------------+-------+-------+-------+-------+-------++-------
  Melee: Unarmed           |    18 |    28 |    42 |   304 |   294 ||   686
         Punch             |       |       |     4 |    28 |    25 ||    57
         Pseudopods        |       |       |       |       |    14 ||    14
  Throw: Dart              |       |       |     1 |     7 |       ||     8
         Large rock        |       |       |       |    17 |    68 ||    85
         Boomerang         |       |       |       |     1 |     1 ||     2
         Javelin           |       |       |       |       |    13 ||    13
    Use: Potion            |       |     2 |       |     6 |    13 ||    21
         Scroll            |       |       |     2 |     5 |     4 ||    11
   Stab: Invisible         |       |       |       |    11 |       ||    11
         Confused          |       |       |       |       |     1 ||     1
 Armour: Robe              |     5 |     4 |       |       |       ||     9
         Troll leather arm |       |       |     3 |    18 |       ||    21
         Ice dragon scales |       |       |       |    15 |    61 ||    76
         Fire dragon scale |       |       |       |       |    18 ||    18
  Dodge: Dodged            |    10 |    11 |    17 |   107 |   170 ||   315
  Block: Tower shield      |       |       |       |       |   111 ||   111

Table legend: (Time is in decaauts)
 A = Elapsed time spent in this place.
 B = Non-inter-level travel time spent in this place.
 C = Inter-level travel time spent in this place.
 D = Time resting spent in this place.
 E = Time spent auto-exploring this place.
 F = Levels seen in this place.
 G = Mean time per level.
                   A        B        C        D        E       F      G
               +--------+--------+--------+--------+--------+-----+--------+
         Total |   2594 |   2591 |      3 |    183 |    565 |   1 | 2594.0 |
       Dungeon |   2594 |   2591 |      3 |    183 |    565 |   1 | 2594.0 |
               +--------+--------+--------+--------+--------+-----+--------+

Top non-repeatable levels by time:
       D: 2594 daAuts
